 Dungeon Crawl Stone Soup version 0.21.0-25-ge575cb9 (webtiles) character file.

970 KeeTraxx the Slasher (level 8, -2/43 HPs)
             Began as a Vine Stalker Berserker on Jan 24, 2018.
             Was an Elder of Trog.
             Slain by an ogre
             ... wielding a +0 giant club
              (8 damage)
             ... on level 5 of the Dungeon.
             The game lasted 00:10:58 (4273 turns).

KeeTraxx the Slasher (Vine Stalker Berserker)       Turns: 4273, Time: 00:10:59

Health: -2/43      AC: 13    Str: 21    XL:     8   Next: 16%
Magic:  0/9        EV:  7    Int:  7    God:    Trog [****..]
Gold:   245        SH:  0    Dex: 15    Spells: 7/7 levels left

rFire    . . .     SeeInvis .   a - +0 falchion
rCold    . . .     Gourm    .   (no shield)
rNeg     . . .     Faith    .   u - +0 plate armour
rPois    .         Spirit   +   h - +1 helmet
rElec    .         Reflect  .   (no cloak)
rCorr    .         Harm     .   (no gloves)
MR       +....                  (no boots)
Stlth    ..........             y - amulet of rage
HPRegen  0.54/turn              (no ring)
MPRegen  0.11/turn              (no ring)

@: no status effects
A: fangs 3, regeneration 1, magic shield, antimagic bite, no potion heal 3, rot
immunity
a: Berserk, Trog's Hand, Brothers in Arms, Burn Spellbooks, Renounce Religion,
Evoke Berserk Rage


You were on level 5 of the Dungeon.
You worshipped Trog.
Trog was greatly pleased with you.
You were not hungry.

You visited 1 branch of the dungeon, and saw 5 of its levels.

You collected 245 gold pieces.

Inventory:

Hand Weapons
 a - a +0 falchion (weapon)
 b - a +0 hunting sling
Missiles
 x - 208 stones (quivered)
 A - 5 tomahawks
Armour
 h - a +1 helmet (worn)
 u - a +0 plate armour (worn)
Jewellery
 y - an amulet of rage (around neck)
 z - an uncursed ring of poison resistance {unknown}
Wands
 B - a wand of flame (27)
Scrolls
 d - 7 scrolls of remove curse
 e - 6 scrolls of teleportation
 f - 7 scrolls of identify
 n - a scroll of enchant armour
Potions
 i - a potion of haste {unknown}
 k - 3 potions of agility
 l - a potion of might {unknown}
 p - 2 potions of curing {unknown}
 s - 3 potions of lignification {unknown}
 t - a potion of degeneration {unknown}
 v - 2 potions of mutation {unknown}
 C - a potion of resistance {unknown}
 F - 2 potions of heal wounds {unknown}
Comestibles
 c - 8 rations
 D - a chunk of flesh


   Skills:
 + Level 5.0 Fighting
 + Level 5.6 Long Blades
 + Level 4.0 Armour
 + Level 3.1 Dodging


You had 7 spell levels left.
You didn't know any spells.

Dungeon Overview and Level Annotations

Branches:
Dungeon (5/15)             Temple (0/1) D:4

Altars:
Elyvilon
Fedhas
Hepliaklqana
Nemelex Xobeh
Okawaru
Qazlal
The Shining One


Innate Abilities, Weirdness & Mutations

You have razor-sharp teeth.
Your natural rate of healing is unusually fast.
When hurt, damage is shared between your health and your magic reserves.
Your bite disrupts and absorbs the magic of your enemies.
Potions cannot restore your health.
You are immune to rotting.


Message History

You feel invigorated.
The ogre is severely wounded.
The ogre hits you with a giant club!
You barely miss the ogre. Your bite misses the ogre.
The ogre is severely wounded.
The ogre barely misses you.
You hit the ogre.
The ogre is severely wounded.
The ogre hits you with a giant club!!
* * * LOW HITPOINT WARNING * * *
Your plate armour prevents you from hitting the ogre.
The ogre is severely wounded.
You hit the ogre.
The ogre is almost dead.
The ogre hits you with a giant club!
* * * LOW HITPOINT WARNING * * *
You hit the ogre. Your bite misses the ogre.
The ogre is almost dead.
The ogre hits you with a giant club!
You die...

#.# ##
#.# #
#.# ###
#.###
#..
#...#
#.#
###.#
#.# #.#
#.# #)#
.. #@#
#. #O#
#######.
((#
........
.###
######.
#. #. #
..#####.
........
........
.
.#######


You could see an ogre.

Vanquished Creatures
  An ice beast (D:5)
  2 ogres (D:4)
  A phantom (D:4)
  A centaur (D:5)
  2 howler monkeys
  A crimson imp (D:5)
  2 hounds (D:4)
  An orc priest (D:4)
  A centaur skeleton (D:5)
  2 orc wizards (D:4)
  2 worker ants (D:4)
  Robin (D:4)
  4 gnolls (D:5)
  6 adders
  A worm (D:3)
  2 dart slugs (D:1)
  2 leopard geckos
  12 orcs
  2 ball pythons
  2 giant cockroaches
  22 goblins
  5 hobgoblins
  5 jackals
  11 kobolds
  3 quokkas
  6 bats
  6 frilled lizards
  A jackal skeleton (D:4)
  A leopard gecko skeleton (D:4)
  5 rats
113 creatures vanquished.

Vanquished Creatures (others)
  A frilled lizard (D:4)
1 creature vanquished.

Grand Total: 114 creatures vanquished

Notes
Turn   | Place    | Note
-------+----------+-------------------------------------------
     0 | D:1      | KeeTraxx the Vine Stalker Berserker began the quest for the Orb.
     0 | D:1      | Reached XP level 1. HP: 11/11 MP: 2/2
    58 | D:1      | Reached XP level 2. HP: 14/16 MP: 3/3
   540 | D:1      | Reached XP level 3. HP: 20/20 MP: 4/4
  1040 | D:2      | Found a white marble altar of Elyvilon.
  1137 | D:2      | Reached ** piety under Trog
  1266 | D:2      | Gained mutation: Your natural rate of healing is unusually fast. [Vine Stalker growth]
  1266 | D:2      | Reached XP level 4. HP: 22/24 MP: 5/5
  2601 | D:4      | Reached XP level 5. HP: 24/28 MP: 6/6
  2670 | D:4      | Noticed an ogre
  2679 | D:4      | Killed an ogre
  2679 | D:4      | Reached *** piety under Trog
  2679 | D:4      | Reached XP level 6. HP: 33/33 MP: 7/7
  2955 | D:4      | Noticed a phantom
  2992 | D:4      | Killed a phantom
  2992 | D:4      | Reached XP level 7. HP: 35/37 MP: 6/8
  3372 | D:4      | Reached skill level 5 in Long Blades
  3515 | D:4      | Found a staircase to the Ecumenical Temple.
  3638 | D:4      | Noticed Robin
  3691 | D:4      | Killed Robin
  3869 | D:5      | Entered Level 5 of the Dungeon
  4056 | D:5      | Found a sparkling altar of Nemelex Xobeh.
  4065 | D:5      | Found a hazy altar of Hepliaklqana.
  4068 | D:5      | Found a stormy altar of Qazlal.
  4068 | D:5      | Found a white marble altar of Elyvilon.
  4068 | D:5      | Found a glowing golden altar of the Shining One.
  4070 | D:5      | Found a blossoming altar of Fedhas.
  4074 | D:5      | Found an iron altar of Okawaru.
  4126 | D:5      | Reached **** piety under Trog
  4126 | D:5      | Reached skill level 5 in Fighting
  4126 | D:5      | Gained mutation: You have razor-sharp teeth. [Vine Stalker growth]
  4126 | D:5      | Reached XP level 8. HP: 43/43 MP: 9/9
  4273 | D:5      | Slain by an ogre

Skill      XL: |  1  2  3  4  5  6  7  8 |
---------------+-------------------------+-----
Long Blades    | 3 4 5 |  5.6
Fighting       | 3 4 5 |  5.0
Armour         | 2 3 4 |  4.0
Dodging        | 2 3 |  3.1

Action                   |  1- 3 |  4- 6 |  7- 9 || total
-------------------------+-------+-------+-------++-------
Melee: Falchion          |    95 |    86 |   104 ||   285
       Bite              |    32 |    29 |    39 ||   100
 Fire: Hunting sling     |       |    81 |    25 ||   106
Invok: Berserk           |       |       |     2 ||     2
  Use: Scroll            |       |       |     9 ||     9
 Stab: Sleeping          |     1 |       |       ||     1
  Eat: Chunk             |     1 |     6 |     6 ||    13
Armor: Ring mail         |    13 |    35 |    17 ||    65
       Chain mail        |    41 |       |       ||    41
       Plate armour      |       |       |    10 ||    10
Dodge: Dodged            |    51 |    65 |    52 ||   168
       Rpst.: Falchion   |    16 |    23 |    14 ||    53
